 Dungeon Crawl Stone Soup version 0.30-a0-172-gc5509c9e31 (webtiles) character file.

Game seed: 6913199888288318194

156 MovingMist the Trooper (level 5, 0/33 HPs)
             Began as a Gargoyle Fighter on Oct 1, 2022.
             Was an Initiate of Okawaru.
             Slain by Dowan
             ... wielding a +0 dagger
              (5 damage)
             ... on level 3 of the Dungeon.
             The game lasted 00:07:06 (3541 turns).

MovingMist the Trooper (Gargoyle Fighter)           Turns: 3541, Time: 00:07:07

Health: 0/33       AC: 13    Str: 19    XL:     5   Next: 38%
Magic:  5/5        EV:  7    Int:  9    God:    Okawaru [......]
Gold:   214        SH:  4    Dex: 11    Spells: 4/4 levels left

rFire   . . .      SeeInvis .    a - +0 flail
rCold   . . .      Faith    .    c - +0 buckler
rNeg    + . .      Spirit   .    e - +0 chain mail
rPois   ∞          Reflect  .    (no helmet)
rElec   +          Harm     .    (no cloak)
rCorr   .          Rampage  .    (no gloves)
Will    .....                    (no boots)
Stlth   ..........               (no amulet)
HPRegen 0.25/turn                (no ring)
MPRegen 0.09/turn                (no ring)

@: no status effects
A: sickness immunity, AC +4, negative energy resistance 1, electricity
resistance, torment resistance 1, petrification resistance
a: Renounce Religion


You were on level 3 of the Dungeon.
You worshipped Okawaru.
Okawaru was noncommittal.
You visited 1 branch of the dungeon, and saw 4 of its levels.

You collected 253 gold pieces.
You spent 39 gold pieces at shops.

Inventory:

Hand Weapons
 a - a +0 flail (weapon)
Armour
 c - a +0 buckler (worn)
 e - a +0 chain mail (worn)
Scrolls
 b - 3 scrolls of identify
 f - a scroll of teleportation
 h - a scroll of brand weapon
 i - 2 scrolls of magic mapping {unknown}
Potions
 d - 2 potions of might
 g - a potion of brilliance {unknown}
 j - 2 potions of curing
 k - a potion of attraction {unknown}


   Skills:
 + Level 4.1 Fighting
 + Level 2.9 Maces & Flails
 - Level 3.2 Armour
 * Level 2.3 Dodging
 + Level 4.1 Shields


You had 4 spell levels left.
You didn't know any spells.
Your spell library contained the following spells:

 Spells                   Type           Power      Damage    Failure   Level
 Apportation              Tloc           0%         N/A       99%         1
 Necrotise                Necr           0%         1d4       99%         1
 Vampiric Draining        Necr           0%         2d6       100%        3
 Agony                    Necr           0%         N/A       100%        5
 Summon Small Mammal      Summ           Unusable   N/A       N/A         1

Dungeon Overview and Level Annotations

Branches:
Dungeon (4/15)
 Temple: D:4-7

Altars:
Dithmenos
Elyvilon
Okawaru

Shops:
D:2 !

Annotations:
D:3 Dowan, Duvessa
D:4 Ijyb


Innate Abilities, Weirdness & Mutations

You are immune to sickness and miasma.
Your stone body is resilient. (AC +4)
You are immune to poison.
You resist negative energy. (rN+)
You are resistant to electric shocks. (rElec)
You are resistant to unholy torment.
You are immune to petrification.


Message History

Duvessa hits you but does no damage.
Duvessa says, "Where magic fails, the sword succeeds!"
There is a stone staircase leading up here.
You block Duvessa's attack. Duvessa hits you with a +0 short sword.
You climb upwards.
There is a stone staircase leading down here.
You start resting.
HP restored.
You climb downwards.
Level annotation: Dowan, Duvessa, Ijyb Duvessa barely misses you.
There is a stone staircase leading up here.
Ijyb zaps a wand.
Your will is overpowered!
You are confused.
The now-empty wand crumbles to dust.
Duvessa hits you with a +0 short sword.
In your confused state, you trip and fall back down the stairs.
Duvessa hits you but does no damage.
Unknown command.
Duvessa hits you but does no damage. Dowan closely misses you.
You climb upwards.
There is a stone staircase leading down here.
You hit Duvessa.
Duvessa is lightly wounded.
Dowan hits you with a +0 dagger. Duvessa hits you but does no damage. x2
Dowan zaps a wand.
The puff of flame hits you!
You barely miss Duvessa.
Duvessa is lightly wounded.
You feel less confused. Duvessa hits you with a +0 short sword.
Dowan hits you but does no damage.
You barely miss Duvessa.
Duvessa is lightly wounded.
Dowan barely misses you. Duvessa hits you with a +0 short sword.
* * * LOW HITPOINT WARNING * * *
You barely miss Duvessa.
Duvessa is lightly wounded.
Dowan hits you but does no damage. Duvessa hits you but does no damage.
Duvessa hits you with a +0 short sword.
* * * LOW HITPOINT WARNING * * *
Dowan hits you with a +0 dagger.
You die...

.#'#..##########.....(.......# #.
..†....................>.....# #h
#.....##########.####.......####g
############# #.# ##.....#.....
#.......# #.# ##...##.####
#.#####.# #.# ##.###.#... #.#
#.####.#######.###.#.## #.#
#.....e##............# #####.#
####.#@##..#######.### ......#
#.#e##..# #g# ####### #.#.##..#
#.# #.#.##..# #.# #.#.##..#
##.#### # #.#.##.## #...... #
#....#.## #..#### ######
#..#....######..# .....#
##...#....).....#


You could see Duvessa and Dowan.

Vanquished Creatures
  6 gnolls
  3 adders
  2 worms (D:2)
  A dart slug (D:1)
  An orc (D:4)
  2 ball pythons
  4 endoplasms
  3 giant cockroaches
  6 goblins
  6 hobgoblins
  4 jackals
  2 quokkas
  A bat (D:1)
  6 frilled lizards
  12 kobolds
  5 rats
64 creatures vanquished.

Notes
Turn   | Place    | Note
-------+----------+-------------------------------------------
     0 | D:1      | MovingMist the Gargoyle Fighter began the quest for the
                  | Orb.
     0 | D:1      | Reached XP level 1. HP: 14/14 MP: 1/1
   169 | D:1      | Reached XP level 2. HP: 19/19 MP: 2/2
   231 | D:1      | Reached skill level 1 in Dodging
   390 | D:1      | Reached XP level 3. HP: 16/23 MP: 3/3
   985 | D:2      | Found a faded altar of an unknown god.
  1098 | D:2      | Found Fiul's Distillery.
  1103 | D:2      | Bought a potion of curing for 39 gold pieces
  1135 | D:2      | Reached XP level 4. HP: 29/29 MP: 4/4
  2169 | D:3      | Found a white marble altar of Elyvilon.
  2429 | D:3      | Reached XP level 5. HP: 33/33 MP: 5/5
  2869 | D:3      | Found a shadowy altar of Dithmenos.
  3344 | D:4      | Found an iron altar of Okawaru.
  3352 | D:4      | Became a worshipper of Warmaster Okawaru
  3429 | D:4      | Noticed Duvessa
  3429 | D:4      | Noticed Dowan
  3429 | D:4      | Noticed Ijyb
  3541 | D:3      | Slain by Dowan

Illustrated notes

Levels and vault maps discovered:
D:1:      ebering_hopf_link, layout_basic, minmay_quantized
D:2:      layout_loops_corners, serial_shops, nicolae_shop_hallway_plus,
          nicolae_ecumenical_lake_church, dreamdust_princess_corridor,
          roderic_lattice_a
D:3:      layout_loops_ring, nicolae_dithmenos_shadow_blocks,
          mainiacjoe_overflow_surrounded_room
D:4:      layout_basic, mainiacjoe_overflow_small_starburst, okawaru_trees_2,
          minmay_temple_entry_glassed_door, uniq_duvessa, uniq_ijyb

Skill      XL: |  1  2  3  4  5 |
---------------+----------------+-----
Dodging        | 1 2 |  2.3
Fighting       | 4 |  4.1
Shields        | 4 |  4.1
Maces & Flails | |  2.9
Armour         | |  3.2

Action                   |  1- 3 |  4- 6 || total
-------------------------+-------+-------++-------
Melee: Flail             |   141 |   114 ||   255
  Use: Scroll            |     3 |     2 ||     5
Armor: Scale mail        |    76 |     2 ||    78
       Chain mail        |       |   113 ||   113
Dodge: Dodged            |    57 |    90 ||   147
Block: Buckler           |    42 |    38 ||    80

Table legend: (Time is in decaauts)
 A = Elapsed time spent in this place.
 B = Non-inter-level travel time spent in this place.
 C = Inter-level travel time spent in this place.
 D = Time resting spent in this place.
 E = Time spent auto-exploring this place.
 F = Levels seen in this place.
 G = Mean time per level.
                   A        B        C        D        E       F      G
               +--------+--------+--------+--------+--------+-----+--------+
         Total |   3623 |   3470 |    153 |    384 |   2082 |   4 |  905.8 |
       Dungeon |   3623 |   3470 |    153 |    384 |   2082 |   4 |  905.8 |
               +--------+--------+--------+--------+--------+-----+--------+

Top non-repeatable levels by time:
     D:2: 1560 daAuts
     D:3: 1054 daAuts
     D:1: 761 daAuts
     D:4: 246 daAuts
